 Dungeon Crawl Stone Soup version 0.22-a0-142-g91cc6d7 (webtiles) character file.

43629 theanonym the Lord of Darkness (level 13, -10/103 HPs)
             Began as a Mummy Necromancer on Feb 5, 2018.
             Was the Champion of Kikubaaqudgha.
             Mangled by Agnes
             ... wielding a +1 lajatang of speed
              (17 damage)
             ... on level 14 of the Dungeon.
             The game lasted 01:46:16 (26419 turns).

theanonym the Lord of Darkness (Mummy Necromancer) Turns: 26419, Time: 01:46:16

Health: -10/103    AC: 14    Str: 14    XL:     13   Next: 91%
Magic:  6/36       EV: 12    Int: 18    God:    Kikubaaqudgha [******]
Gold:   1155       SH:  0    Dex: 13    Spells: 2/33 levels left

rFire    . . .     SeeInvis .   a - +6 rapier (elec)
rCold    + + .     Gourm    .   (no shield)
rNeg     + + +     Faith    +   H - +1 troll leather armour
rPois    ∞         Spirit   .   o - +0 helmet "Plog" {Stlth+}
rElec    .         Reflect  .   p - scarf {rC+ rF+}
rCorr    .         Harm     .   q - +2 pair of gloves "Anlob" {MP+9 Str+2}
MR       ++...                  (no boots)
Stlth    +++.......             h - amulet of faith
HPRegen  0.67/turn              r - +4 ring of protection
MPRegen  0.25/turn              u - ring of protection from magic

@: death channel
A: no food or potions, fire vulnerability, cold resistance 1, negative energy
resistance 3, torment resistance, unbreathing, in touch with death 1
a: Receive Corpses, Torment, Renounce Religion


Innate Abilities, Weirdness & Mutations

You do not eat or drink.
Your flesh is vulnerable to fire.
You are immune to poison.
Your flesh is cold resistant. (rC+)
You are immune to negative energy. (rN+++)
You are immune to unholy pain and torment.
You can survive without breathing.
You are in touch with the powers of death.


   Skills:
 - Level 10.0 Fighting
 * Level 11.4 Short Blades
 - Level 5.0 Armour
 - Level 2.3 Dodging
 - Level 1.5 Stealth
 + Level 10.6 Spellcasting
 - Level 0.9 Charms
 + Level 14.2 Necromancy


You had 2 spell levels left.
You knew the following spells:

 Your Spells              Type           Power        Failure   Level  Hunger
a - Pain                  Necr           ####         1%          1    N/A
b - Animate Dead          Necr           N/A          1%          4    N/A
c - Vampiric Draining     Necr           ######....   1%          3    N/A
d - Death Channel         Necr           ######....   4%          6    N/A
e - Animate Skeleton      Necr           N/A          1%          1    N/A
f - Dispel Undead         Necr           ######..     1%          5    N/A
g - Excruciating Wounds   Chrm/Necr      ######....   11%         5    N/A
h - Simulacrum            Ice/Necr       ######....   58%         6    N/A

Skill      XL: |  1  2  3  4  5  6  7  8  9 10 11 12 13 |
---------------+----------------------------------------+-----
Spellcasting   | 3 4 5 6 9 10 | 10.6
Necromancy     | 5 6 7 8 10 11 12 13 14 | 14.2
Short Blades   | 1 2 4 5 6 7 9 11 | 11.4
Fighting       | 2 5 6 8 9 10 | 10.0
Dodging        | 2 |  2.3
Armour         | 1 2 5 |  5.0
Stealth        | |  1.5
Charms         | |  0.9

Action                   |  1- 3 |  4- 6 |  7- 9 | 10-12 | 13-15 || total
-------------------------+-------+-------+-------+-------+-------++-------
Melee: Unarmed           |     5 |       |       |       |       ||     5
       Dagger            |    24 |    21 |       |       |       ||    45
       Club              |     3 |       |       |       |       ||     3
       Rapier            |       |    16 |   141 |   369 |   371 ||   897
       Scimitar          |       |       |       |       |     4 ||     4
 Cast: Pain              |    68 |   102 |   151 |   158 |    47 ||   526
       Animate Skeleton  |    23 |    19 |     5 |       |       ||    47
       Vampiric Draining |       |     2 |     7 |    62 |    46 ||   117
       Animate Dead      |       |       |    19 |    56 |    27 ||   102
       Death Channel     |       |       |     2 |    27 |    23 ||    52
       Dispel Undead     |       |       |       |    32 |    12 ||    44
Invok: Receive Corpses   |       |       |     4 |    11 |     5 ||    20
       Receive Necronomi |       |       |       |     1 |       ||     1
Evoke: Wand              |       |       |     1 |    57 |     9 ||    67
  Use: Scroll            |       |     5 |     9 |    11 |    11 ||    36
 Stab: Sleeping          |     1 |     2 |     3 |     4 |     4 ||    14
       Distracted        |       |       |     1 |     7 |     3 ||    11
Armor: Robe              |     5 |     2 |    52 |    85 |       ||   144
       Leather armour    |     5 |    14 |       |       |       ||    19
       Ring mail         |       |       |    12 |       |       ||    12
       Troll leather arm |       |       |       |    43 |   136 ||   179
Dodge: Dodged            |    34 |    38 |   109 |   259 |   182 ||   622
       Rpst.: Scimitar   |       |       |       |     1 |     1 ||     2

Inventory:

Hand Weapons
 a - a +6 rapier of electrocution (weapon)
   (You found it on level 4 of the Dungeon)
 i - a +0 scimitar
   (You found it on level 5 of the Dungeon)
 z - the +8 scimitar of Salt {slice, rN+ Int+2}
   (You found it on level 13 of the Dungeon)

   It inflicts extra damage upon your enemies.
   It affects your intelligence (+2).
   It protects you from negative energy.
 R - the +7 hunting sling "Ecveg" {venom, rElec Int+3}
   (You found it in a labyrinth)

   It poisons the ammo it fires.
   It affects your intelligence (+3).
   It insulates you from electricity.
 S - the +3 sling "Punk" {acid, rCorr}
   (You found it in a labyrinth)

   It protects you from acid and corrosion.
Armour
 e - a +1 robe of magic resistance
   (You found it on level 4 of the Dungeon)
 l - a cursed -1 large shield
   (You found it on level 11 of the Dungeon)
 o - the +0 helmet "Plog" (worn) {Stlth+}
   (You found it on level 11 of the Dungeon)

   It makes you more stealthy.
 p - a scarf of resistance (worn)
   (You found it on level 4 of the Dungeon)
 q - the +2 pair of gloves "Anlob" (worn) {MP+9 Str+2}
   (You found it on level 8 of the Dungeon)

   It affects your strength (+2).
   It affects your magic capacity (+9).
 s - a +1 robe of the Archmagi
   (You took it off a wight on level 9 of the Dungeon)
 t - the +1 pair of gloves of the Cuttlefish {+Fly rF- MR- Int+6}
   (You acquired it on level 12 of the Dungeon)

   It affects your intelligence (+6).
   It makes you vulnerable to fire.
   It affects your resistance to hostile enchantments.
   It lets you fly.
 F - a +2 robe of cold resistance
   (You took it off Fannar on level 9 of the Dungeon)
 G - a +1 cloak
   (You took it off Maurice on level 10 of the Dungeon)
 H - a +1 troll leather armour (worn)
   (You found it on level 10 of the Dungeon)
 N - a +0 shield
   (You found it on level 5 of the Dungeon)
Magical Staves
 b - an uncursed staff of power
   (You found it on level 4 of the Lair of Beasts)
 J - an uncursed staff of cold
   (You took it off a necromancer in an ice cave)
Jewellery
 h - an amulet of faith (around neck)
   (You found it on level 5 of the Dungeon)
 r - a +4 ring of protection (left hand)
   (You found it on level 7 of the Dungeon)
 u - a ring of protection from magic (right hand)
   (You found it on level 12 of the Dungeon)
 y - an uncursed ring of wizardry
   (You found it in an ice cave)
 C - an uncursed ring of resist corrosion
   (You took it off a gnoll on level 9 of the Dungeon)
 E - a +2 ring of intelligence
   (You found it on level 9 of the Dungeon)
 I - an uncursed ring of ice
   (You took it off Fannar on level 9 of the Dungeon)
 O - a +3 ring of evasion
   (You found it on level 14 of the Dungeon)
Wands
 d - a wand of digging (6)
   (You found it in a labyrinth)
 m - a wand of polymorph (47)
   (You found it on level 6 of the Dungeon)
 v - a wand of acid (6)
   (You found it on level 3 of the Lair of Beasts)
 x - a wand of iceblast (19)
   (You found it on level 1 of the Lair of Beasts)
 D - a wand of flame (18)
   (You found it on level 9 of the Dungeon)
 K - a wand of paralysis (14)
   (You found it in a labyrinth)
 P - a wand of scattershot (6)
   (You found it in a labyrinth)
Scrolls
 c - 8 scrolls of immolation
 f - 2 scrolls of fog
 g - 5 scrolls of amnesia
 j - a scroll of fear
 k - 2 scrolls of vulnerability
 n - 4 scrolls of remove curse
 B - a scroll of blinking
 M - a scroll of silence
Books
 w - a Necronomicon {god gift}
   (Kikubaaqudgha gifted it to you in an ice cave)
 A - Kikubaaqudgha's Almanac of Black Secrets {god gift}
   (Kikubaaqudgha gifted it to you on level 9 of the Dungeon)

   Spells                             Type                      Level
   a - Excruciating Wounds            Charms/Necromancy            5
   b - Agony                          Necromancy                   5
   c - Dispel Undead                  Necromancy                   5
   d - Simulacrum                     Ice/Necromancy               6
   e - Death Channel                  Necromancy                   6
 L - a book of Ice
   (You found it in an ice cave)


You were on level 14 of the Dungeon.
You worshipped Kikubaaqudgha.
Kikubaaqudgha was exalted by your worship.
You were not hungry.

You visited 3 branches of the dungeon, and saw 20 of its levels.
You also visited: Labyrinth and Ice Cave.

You collected 1494 gold pieces.
You spent 339 gold pieces at shops.

Dungeon Overview and Level Annotations

Branches:
Dungeon (14/15)            Temple (0/1) D:4            Lair (5/6) D:10
  Swamp (0/4) Lair:4        Snake (0/4) Lair:2        Slime (0/5) Lair:5
    Orc (1/2) D:10
 Vaults: D:13-14

Altars:
Ashenzari
Elyvilon
Hepliaklqana
Kikubaaqudgha
Makhleb
Okawaru
Ru
Sif Muna
Trog
Vehumet
Wu Jian
Xom
The Shining One

Shops:
D:5 }:=?   D:12 =   D:13 *

Annotations:
D:7 dig
D:14 exclusions: orc knight and yaktaur, Agnes
Lair:5 exclusion: oklob plant, Nessos

##.. .. .... # #...
.. ... . ### ....#.
..# . ..# #..#.
..#.##} ..#
....##..#.... #.#
#....ZT.... #.#
#......# ..###
#...#.#..@.o.#
....#
#...#..###i###
..#.#
.....##..#).##
<...#
###...##..###..#
....#
#..Z.##.#.....#.#
..#.#
+....#...##.##...#
....#
#...Z#.#.#.%.#.#..#
#####
###...##...⌠...# .#
#....#.#.#%..#.# ..


You could see Agnes, an orc knight (fleeing), a troll (fleeing) and a friendly
centaur warrior zombie.

Notes
Turn   | Place    | Note
-------+----------+-------------------------------------------
     0 | D:1      | theanonym the Mummy Necromancer began the quest for the Orb.
     0 | D:1      | Reached XP level 1. HP: 13/13 MP: 4/4
    58 | D:1      | Learned a level 1 spell: Animate Skeleton
   196 | D:1      | Reached skill level 3 in Spellcasting
   196 | D:1      | Reached XP level 2. HP: 19/19 MP: 1/6
   203 | D:1      | HP: 9/19 [hobgoblin/club (8)]
  1005 | D:2      | Found a glowing golden altar of the Shining One.
  1009 | D:2      | Found an ancient bone altar of Kikubaaqudgha.
  1017 | D:2      | Became a worshipper of Kikubaaqudgha
  1072 | D:2      | Reached XP level 3. HP: 24/24 MP: 5/7
  1077 | D:2      | Learned a level 3 spell: Vampiric Draining
  1690 | D:2      | Found a white marble altar of Elyvilon.
  1695 | D:2      | Found a radiant altar of Vehumet.
  2110 | D:3      | Reached skill level 5 in Necromancy
  2551 | D:3      | Reached XP level 4. HP: 30/30 MP: 7/9
  2657 | D:3      | Reached skill level 4 in Spellcasting
  2789 | D:3      | Reached * piety under Kikubaaqudgha
  2789 | D:3      | Identified Kikubaaqudgha's Reference Book on Evil {god gift} (Kikubaaqudgha gifted it to you on level 3 of the Dungeon)
  2789 | D:3      | Received a gift from Kikubaaqudgha
  2914 | D:3      | Reached XP level 5. HP: 34/35 MP: 3/11
  2917 | D:3      | HP: 10/35 [gnoll/halberd (15)]
  3345 | D:3      | Learned a level 4 spell: Animate Dead
  3404 | D:4      | Reached skill level 6 in Necromancy
  3469 | D:4      | HP: 17/35 [adder skeleton (3)]
  3474 | D:4      | HP: 15/35 [jackal (1)]
  3477 | D:4      | HP: 7/35 [adder skeleton (4)]
  3923 | D:4      | Noticed a phantom
  4178 | D:4      | Found a staircase to the Ecumenical Temple.
  4184 | D:4      | Reached XP level 6. HP: 41/41 MP: 9/13
  4452 | D:4      | Reached skill level 5 in Spellcasting
  4489 | D:4      | Reached ** piety under Kikubaaqudgha
  4630 | D:4      | Reached skill level 7 in Necromancy
  4913 | D:5      | Entered Level 5 of the Dungeon
  5048 | D:5      | Noticed Eustachio
  5060 | D:5      | Noticed Azzok's ghost (novice DEFi)
  5061 | D:5      | Killed Eustachio
  5061 | D:5      | Reached skill level 1 in Short Blades
  5061 | D:5      | Reached XP level 7. HP: 46/46 MP: 5/14
  5072 | D:5      | Killed Azzok's ghost
  5072 | D:5      | Reached skill level 2 in Short Blades
  5072 | D:5      | Reached skill level 8 in Necromancy
  5156 | D:5      | Found a sacrificial altar of Ru.
  5210 | D:5      | Found Natinum's Jewellery Boutique.
  5474 | D:5      | Found Wanlu's Book Boutique.
  5611 | D:5      | Found Parriobi's Gadget Shop.
  5745 | D:5      | Found Wowk's Magic Scroll Boutique.
  5756 | D:5      | Bought a scroll of identify for 22 gold pieces
  5756 | D:5      | Bought a scroll of blinking for 82 gold pieces
  5756 | D:5      | Bought a scroll of teleportation for 33 gold pieces
  5756 | D:5      | Bought a scroll of fear for 38 gold pieces
  5756 | D:5      | Bought a scroll of fear for 38 gold pieces
  5814 | D:5      | Bought a scroll of identify for 22 gold pieces
  5814 | D:5      | Bought a scroll of identify for 22 gold pieces
  5886 | D:5      | Found a bloodstained altar of Trog.
  5996 | D:6      | Reached XP level 8. HP: 27/52 MP: 5/15
  6140 | D:6      | Reached skill level 9 in Necromancy
  6454 | D:6      | Noticed Edmund
  6478 | D:6      | Killed Edmund
  6596 | D:6      | HP: 26/52 [centaur/arrow (8)]
  6808 | D:6      | Reached skill level 3 in Short Blades
  7040 | D:6      | Found a bloodstained altar of Trog.
  7544 | D:6      | Found a bloodstained altar of Trog.
  8040 | D:7      | Found a shimmering altar of Xom.
  8335 | D:7      | Reached skill level 1 in Fighting
  8718 | D:7      | Reached skill level 2 in Fighting
  8718 | D:7      | Reached skill level 10 in Necromancy
  9096 | D:8      | Found a burning altar of Makhleb.
  9122 | D:8      | Found a white marble altar of Elyvilon.
  9141 | D:8      | Got a pair of scorched gloves
  9154 | D:8      | Identified the +2 pair of gloves "Anlob" {MP+9 Str+2} (You found it on level 8 of the Dungeon)
  9405 | D:8      | Found an iron altar of Okawaru.
  9621 | D:8      | Reached skill level 4 in Short Blades
  9621 | D:8      | Reached skill level 2 in Dodging
  9627 | D:8      | Reached XP level 9. HP: 45/62 MP: 2/16
 10090 | D:9      | Reached skill level 3 in Fighting
 10221 | D:9      | Reached skill level 1 in Armour
 10276 | D:9      | Reached *** piety under Kikubaaqudgha
 10276 | D:9      | Identified Kikubaaqudgha's Almanac of Black Secrets {god gift} (Kikubaaqudgha gifted it to you on level 9 of the Dungeon)
 10276 | D:9      | Received a gift from Kikubaaqudgha
 10379 | D:9      | Learned a level 6 spell: Death Channel
 10593 | D:9      | Noticed a two-headed ogre
 10613 | D:9      | Reached skill level 4 in Fighting
 10619 | D:9      | Killed a two-headed ogre
 10619 | D:9      | Reached skill level 5 in Short Blades
 10619 | D:9      | Reached skill level 11 in Necromancy
 10638 | D:9      | HP: 33/66 [centaur/arrow (8)]
 10669 | D:9      | HP: 19/66 [orc warrior/tomahawk (13)]
 11095 | D:9      | Found a deep blue altar of Sif Muna.
 11107 | D:9      | Reached skill level 5 in Fighting
 11169 | D:9      | Found a shattered altar of Ashenzari.
 11185 | D:9      | Found a hazy altar of Hepliaklqana.
 11216 | D:9      | Reached XP level 10. HP: 50/74 MP: 14/17
 11577 | D:10     | Entered Level 10 of the Dungeon
 11577 | D:10     | Found a staircase to the Orcish Mines.
 11602 | D:10     | Found a staircase to the Lair.
 11602 | D:10     | Noticed a two-headed ogre
 11835 | D:10     | Noticed a two-headed ogre
 11895 | D:10     | Noticed Maurice
 11952 | D:10     | HP: 27/74 [centaur/arrow (11)]
 12235 | D:10     | Noticed Fannar
 12256 | D:9      | Killed Fannar
 12256 | D:9      | Reached skill level 6 in Short Blades
 12269 | D:9      | theanonym: !greatrace mu
 12269 | D:9      | beem: Unwon mummys for theanonym: MuAE, MuAK, MuAM, MuAr, MuAs, MuBe, MuCj, MuCK, MuEn, MuGl, MuIE, MuNe, MuSk, MuSu, MuTm, MuVM, MuWr, MuWz
 12269 | D:9      | theanonym: !lg . win mu s=class
 12269 | D:9      | beem: 7 games for theanonym (win mu): 2x Fighter, Earth Elementalist, Fire Elementalist, Hunter, Monk, Wanderer
 12373 | D:9      | HP: 30/76 [two-headed ogre/giant club (31)]
 12776 | D:10     | Reached skill level 12 in Necromancy
 12817 | D:10     | Reached **** piety under Kikubaaqudgha
 12817 | D:10     | Reached skill level 6 in Fighting
 12839 | D:10     | Killed Maurice
 12985 | D:10     | Noticed Josephine
 13002 | D:10     | Killed Josephine
 13006 | D:10     | Reached skill level 6 in Spellcasting
 13169 | D:10     | HP: 35/77 [something (5)]
 13173 | D:10     | Killed an unseen horror
 13173 | D:10     | Reached XP level 11. HP: 33/83 MP: 18/20
 13180 | D:10     | Learned a level 5 spell: Dispel Undead
 13585 | D:10     | Found an ornate altar of the Wu Jian Council.
 13678 | D:10     | Noticed a two-headed ogre
 13683 | D:10     | Killed a two-headed ogre
 13752 | D:9      | Found a hazy altar of Hepliaklqana.
 13780 | D:9      | HP: 22/83 [two-headed ogre/giant club (32)]
 14114 | Orc:1    | Entered Level 1 of the Orcish Mines
 14122 | Orc:1    | HP: 33/83 [orc warrior/hand axe (21)]
 14123 | Orc:1    | HP: 13/83 [orc warrior/hand axe (19)]
 14448 | Lair:1   | Entered Level 1 of the Lair of Beasts
 14448 | Lair:1   | Noticed a seven-headed hydra
 14480 | Lair:1   | Reached skill level 7 in Spellcasting
 14510 | Lair:1   | Found a labyrinth entrance.
 14529 | Lab      | Entered a labyrinth
 15764 | Lab      | Noticed a minotaur
 15781 | Lab      | Killed a minotaur
 15781 | Lab      | Reached skill level 7 in Fighting
 15787 | Lab      | Found the +3 sling "Punk" {acid, rCorr}
 15788 | Lab      | Got a bloodstained hunting sling
 16055 | Lair:1   | Killed a seven-headed hydra
 16630 | Lair:1   | Found a shimmering altar of Xom.
 16731 | Lair:2   | Reached skill level 7 in Short Blades
 16737 | Lair:2   | Noticed a four-headed hydra
 16744 | Lair:2   | Killed a four-headed hydra
 16943 | Lair:2   | Reached skill level 13 in Necromancy
 17037 | Lair:2   | Reached skill level 8 in Spellcasting
 17172 | Lair:2   | Found a staircase to the Snake Pit.
 17189 | Lair:2   | Reached ***** piety under Kikubaaqudgha
 17278 | Lair:2   | Reached skill level 8 in Fighting
 18051 | Lair:3   | Reached skill level 9 in Spellcasting
 18051 | Lair:3   | Reached XP level 12. HP: 69/94 MP: 18/25
 18124 | Lair:3   | HP: 39/94 [black mamba (11)]
 18126 | Lair:3   | Reached skill level 8 in Short Blades
 18349 | Lair:3   | Learned a level 5 spell: Excruciating Wounds
 18899 | Lair:4   | HP: 35/94 [spiny frog (18)]
 19177 | Lair:4   | HP: 42/94 [blink frog (20)]
 19193 | Lair:4   | Reached skill level 9 in Fighting
 19507 | Lair:4   | HP: 38/95 [komodo dragon (16)]
 19651 | Lair:4   | Reached skill level 10 in Spellcasting
 19652 | Lair:4   | HP: 31/95 [tyrant leech (26)]
 19661 | Lair:4   | Learned a level 6 spell: Simulacrum
 20101 | Lair:4   | Found a staircase to the Swamp.
 20354 | Lair:4   | Noticed a five-headed hydra
 20370 | Lair:4   | Killed a five-headed hydra
 20480 | Lair:4   | Identified the +7 hunting sling "Ecveg" {venom, rElec Int+3} (You found it in a labyrinth)
 20573 | Lair:5   | Found a frozen archway.
 20585 | IceCv    | Entered an ice cave
 20753 | IceCv    | Reached skill level 2 in Armour
 20833 | IceCv    | Reached skill level 9 in Short Blades
 21053 | IceCv    | Found an ancient bone altar of Kikubaaqudgha.
 21092 | IceCv    | Reached ****** piety under Kikubaaqudgha
 21096 | IceCv    | Received a gift from Kikubaaqudgha
 21732 | IceCv    | Gained mutation: You are in touch with the powers of death. [Mummy growth]
 21732 | IceCv    | Reached XP level 13. HP: 101/103 MP: 9/27
 21733 | IceCv    | Reached skill level 3 in Armour
 22047 | Lair:5   | Identified the +0 leather armour of Pueshuve {rElec rPois MR+ Stlth+} (You found it on level 5 of the Lair of Beasts)
 22061 | Lair:5   | Reached skill level 10 in Fighting
 22074 | Lair:5   | HP: 48/103 [yak (10)]
 22240 | Lair:5   | Found a staircase to the Slime Pits.
 22273 | Lair:5   | HP: 48/103 [elephant (15)]
 22279 | Lair:5   | HP: 20/103 [elephant (11)]
 22482 | Lair:5   | Noticed Nessos
 22486 | Lair:5   | HP: 44/103 [Nessos/arrow (10)]
 22495 | Lair:5   | HP: 24/103 [Nessos/arrow (19)]
 22848 | D:9      | Found a hazy altar of Hepliaklqana.
 23023 | D:9      | Found a deep blue altar of Sif Muna.
 23060 | D:9      | Found a shattered altar of Ashenzari.
 23247 | D:5      | Bought a scroll of enchant armour for 82 gold pieces
 23307 | D:7      | Noticed 4thArraOfDagon's ghost (amateur FoAM)
 23308 | D:7      | Killed 4thArraOfDagon's ghost
 23524 | D:11     | Reached skill level 10 in Short Blades
 23567 | D:11     | Reached skill level 4 in Armour
 24169 | D:11     | Got a faintly glowing helmet
 24236 | D:11     | Identified the +0 helmet "Plog" {Stlth+} (You found it on level 11 of the Dungeon)
 24341 | D:11     | HP: 43/103 [orc warrior/halberd (20)]
 24530 | D:12     | Found Deixusytt's Jewellery Shoppe.
 24695 | D:12     | Identified a scroll of acquirement
 24696 | D:12     | Got a pair of dazzling gloves
 24708 | D:12     | Identified the +1 pair of gloves of the Cuttlefish {+Fly rF- MR- Int+6} (You acquired it on level 12 of the Dungeon)
 24963 | D:12     | Reached skill level 5 in Armour
 25149 | D:12     | Reached skill level 11 in Short Blades
 25255 | D:13     | Reached skill level 14 in Necromancy
 25371 | D:13     | Got a brightly glowing scimitar
 25372 | D:13     | Identified the +8 scimitar of Salt {slice, rN+ Int+2} (You found it on level 13 of the Dungeon)
 25425 | D:13     | Found Tuxer's General Store.
 26413 | D:14     | Noticed Agnes
 26418 | D:14     | HP: 36/103 [orc knight/great sword of freezing (23)]
 26419 | D:14     | HP: 7/103 [Agnes/lajatang of speed (19)]
 26419 | D:14     | Mangled by Agnes

Vanquished Creatures
  Josephine (D:10)
  Fannar (D:9)
  6 two-headed ogres
  2 centaur warriors
  2 tengu warriors
  3 unseen horrors
  A wolf spider zombie (D:11)
  An ugly thing (D:11)
  A necromancer (IceCv)
  2 slime creatures (D:13)
  A deep elf mage (D:12)
  An ice statue (IceCv)
  2 black mambas
  4 elephants
  Maurice (D:10)
  A torpor snail (Lair:2)
  3 centaur skeletons
  5 spiny frogs
  The ghost of Azzok the Skirmisher, a novice DEFi (D:5)
  10 freezing wraiths (IceCv)
  A komodo dragon (D:14)
  2 trolls
  A polar bear (Lair:2)
  2 tyrant leeches (Lair:4)
  2 hornets
  4 blink frogs
  The ghost of 4thArraOfDagon the Bolt Thrower, an amateur FoAM (D:7)
  A hippogriff (D:14)
  A spriggan (D:7)
  16 yaks
  Eustachio (D:5)
  3 wyverns
  A steam dragon (D:9)
  A basilisk (Lair:2)
  3 humans
  2 hungry ghosts
  A naga (Lair:2)
  A warg (D:10)
  A soldier ant (D:13)
  An acid dragon (D:13)
  9 water moccasins
  6 porcupines
  A phantom (D:4)
  11 ice beasts
  8 orc warriors
  3 sky beasts
  A necrophage (D:11)
  4 ogres
  2 wolves (Lair:3)
  9 centaurs
  4 crocodiles
  2 big kobolds
  9 bullfrogs
  A gnoll sergeant (D:9)
  2 scorpions
  A wyvern skeleton (D:13)
  10 wights
  7 killer bees
  2 howler monkeys
  An electric eel (Lair:2)
  6 crimson imps
  3 draconian simulacra (IceCv)
  4 bullfrog zombies
  7 orc priests
  2 hounds
  A jelly (D:12)
  A bullfrog skeleton (D:10)
  11 orc wizards
  4 iguanas
  2 hell rats (Lair:4)
  2 polar bear simulacra (IceCv)
  5 worker ants
  6 troll simulacra (IceCv)
  2 wolf simulacra (IceCv)
  6 centaur simulacra (IceCv)
  A hound zombie (D:9)
  A hound skeleton (D:6)
  2 worker ant zombies
  8 gnolls
  12 adders
  4 naga simulacra (IceCv)
  4 shadow imps
  12 white imps (IceCv)
  An adder skeleton (D:9)
  A worm (D:3)
  A dart slug (D:3)
  9 leopard geckos
  44 orcs
  A ball python (D:1)
  7 bats
  3 giant cockroaches
  11 hobgoblins
  4 jackals (D:4)
  3 quokkas (D:4)
  5 frilled lizards
  9 goblins
  14 kobolds
  A leopard gecko zombie (D:5)
  5 rats
413 creatures vanquished.

Vanquished Creatures (collateral kills)
  A minotaur (Lab)
  3 hydras
  A vault guard (D:14)
  A black mamba (Lair:3)
  7 elephants
  A gargoyle (D:14)
  3 spiny frogs
  3 komodo dragons
  A tengu conjurer (D:13)
  A troll (D:11)
  3 tyrant leeches (Lair:4)
  8 blink frogs
  A slime creature (D:13)
  3 wraiths (D:10)
  15 yaks
  A basilisk (Lair:4)
  Edmund (D:6)
  2 wargs (D:10)
  6 nagas (Lair:2)
  2 porcupines
  An orc warrior (D:9)
  A black bear (Lair:2)
  2 ice beasts
  An ogre (D:7)
  4 centaurs
  3 wolves (Lair:3)
  2 crocodiles
  4 bullfrogs
  A wight (D:9)
  A crimson imp (D:10)
  A hound (D:3)
  A centaur skeleton (D:11)
  2 orc wizards
  2 hell rats (Lair:4)
  A hound zombie (D:6)
  A gnoll (D:3)
  A naga simulacrum (IceCv)
  2 adders
  An adder skeleton (D:4)
  An adder zombie (D:9)
  6 orcs
  A kobold (D:13)
  2 rats (D:1)
  12 fungi
  2 plants
120 creatures vanquished.

Vanquished Creatures (others)
  5 dream sheep (Lair:1)
  4 fungi
9 creatures vanquished.

Grand Total: 542 creatures vanquished

Table legend:
 A = Turns spent in this place as a percentage of turns spent in the entire game.
 B = Non-inter-level travel turns spent in this place as a percentage of non-inter-level travel turns spent in the entire game.
 C = Inter-level travel turns spent in this place as a percentage of turns spent in this place.
 D = Turns resting spent in this place as a percentage of non-inter-level travel turns spent in this place.
 E = Turns spent auto-exploring this place as a percentage of non-inter-level travel turns spent in this place.
 F = Non-inter-level travel turns spent in this place divided by the number of levels of this place that you've seen.
                   A       B       C       D       E      F
               +-------+-------+-------+-------+-------+----------------------
         Total | 100.0 | 100.0 |   5.3 |  31.2 |  44.8 | 1137.6
       Dungeon |  68.6 |  67.4 |   6.9 |  30.3 |  50.9 | 1205.4
          Lair |  20.8 |  21.4 |   2.6 |  32.1 |  46.1 | 1071.4
  Orcish Mines |   0.1 |   0.1 |   0.0 |   0.0 |   0.0 |  16.0
     Labyrinth |   5.1 |   5.4 |   0.0 |  22.8 |   0.0 | 1352.0
      Ice Cave |   5.4 |   5.7 |   0.0 |  47.2 |   9.9 | 1427.0
               +-------+-------+-------+-------+-------+----------------------
